AoeStats
← Malcolm Little

Oasis

509345439Analyzed
4v4 RM · 5d ago on Sep 26, 2026· 38m 13s· 8 players
Game mode
Random Map
Map size
Large (8 player)
Population
200
Speed
Normal
Resources
Standard
Victory
Conquest
Starting age
Dark Age
Ending age
Imperial Age
RankedLock teamsTeams togetherTeam positionsShared explorationLock speedFull tech treeHidden civsTurbo modeCheats
Victory
Defeat
🇳🇱 Mongols · Netherlands
1528
+14
🇳🇱 Britons · Netherlands
1526
+14
🇨🇱 Hindustanis · Chile
1498
+15
🇩🇴 Britons · Dominican Republic
1421
+18
🇭🇰 Persians · Hong Kong SAR China
1565
-18
🇨🇳 Italians · China
1479
-15
🇭🇰 Chinese · Hong Kong SAR China
1442
-14
🇦🇷 Varangians · Argentina
1438
-14
牛比无极限
6:32 Loom
10:02 Feudal Age
11:01 Double-Bit Axe
12:28 Fletching
15:54 Horse Collar
17:30 Padded Archer Armor
23:06 Castle Age
23:05 Wheelbarrow
24:01 Bodkin Arrow
23:28 Crossbowman
25:05 Ballistics
28:54 Leather Archer Armor
28:46 Thumb Ring
32:47 Hand Cart
35:48 Imperial Age
33:26 Gold Mining
34:58 Squires
36:52 Bracer
37:25 Ring Archer Armor
37:26 Conscription
Andy
8:35 Feudal Age
9:04 Double-Bit Axe
9:35 Horse Collar
10:30 Loom
19:43 Castle Age
17:54 Scale Barding Armor
18:52 Gold Mining
19:27 Bloodlines
20:14 Forging
20:12 Husbandry
20:50 Bow Saw
23:28 Scale Mail Armor
24:34 Chain Barding Armor
24:51 Heavy Plow
29:43 Wheelbarrow
28:54 Town Watch
31:16 Hand Cart
38:57 Imperial Age
36:35 Town Patrol
37:31 Gold Shaft Mining
勤奮的兔兔
0:26 Loom
9:05 Feudal Age
10:04 Double-Bit Axe
10:00 Horse Collar
15:17 Scale Barding Armor
18:53 Bloodlines
21:23 Wheelbarrow
22:01 Forging
25:26 Castle Age
24:30 Gold Mining
26:40 Bow Saw
27:23 Chain Barding Armor
28:22 Gold Shaft Mining
28:17 Heavy Plow
29:05 Iron Casting
31:31 Stone Mining
40:04 Imperial Age
37:50 Hand Cart
38:06 Fletching
38:16 Padded Archer Armor
中國香港玩家
6:30 Loom
8:42 Feudal Age
9:16 Double-Bit Axe
12:17 Fletching
15:10 Padded Archer Armor
16:31 Horse Collar
17:02 Gold Mining
21:46 Wheelbarrow
23:15 Castle Age
23:33 Bloodlines
23:59 Bodkin Arrow
24:14 Bow Saw
25:16 Husbandry
26:04 Wheelbarrow
27:01 Ballistics
27:41 Hand Cart
27:36 Stone Mining
28:14 Heavy Plow
28:15 Town Watch
30:55 Stone Shaft Mining
30:56 Elite Skirmisher
35:37 Scale Mail Armor
36:56 Scale Barding Armor
37:02 Forging
Malcolm Little
6:35 Loom
9:13 Feudal Age
10:01 Double-Bit Axe
13:47 Fletching
17:19 Padded Archer Armor
25:50 Castle Age
24:47 Gold Mining
24:38 Horse Collar
26:01 Crossbowman
26:37 Bodkin Arrow
27:21 Leather Archer Armor
27:54 Bow Saw
29:35 Ballistics
32:06 Wheelbarrow
31:17 Town Watch
37:21 Heavy Plow
El_Stino
10:04 Feudal Age
15:22 Castle Age
13:36 Horse Collar
14:37 Double-Bit Axe
16:10 Husbandry
17:45 Scale Barding Armor
21:39 Bloodlines
23:08 Bow Saw
23:51 Forging
26:18 Wheelbarrow
31:17 Imperial Age
29:37 Hand Cart
29:07 Loom
30:37 Gold Mining
31:23 Elite Steppe Lancer
32:40 Iron Casting
33:14 Chain Barding Armor
36:03 Capped Ram
37:07 Drill
36:37 Heavy Scorpion
37:58 Elite Mangudai
yinyangwar
9:14 Feudal Age
10:29 Double-Bit Axe
12:19 Loom
15:58 Scale Barding Armor
19:27 Castle Age
17:18 Horse Collar
18:50 Forging
19:41 Bloodlines
19:56 Light Cavalry
20:58 Husbandry
29:32 Wheelbarrow
32:34 Hand Cart
32:12 Town Watch
35:24 Imperial Age
33:58 Chain Barding Armor
34:14 Iron Casting
35:24 Gold Mining
36:57 Plate Barding Armor
35:52 Heavy Camel Rider
38:27 Blast Furnace
39:12 Conscription
Tiekel
7:13 Loom
9:46 Feudal Age
10:33 Double-Bit Axe
10:37 Town Watch
14:56 Fletching
22:39 Castle Age
22:39 Crossbowman
24:04 Bodkin Arrow
25:27 Ballistics
28:31 Padded Archer Armor
33:35 Wheelbarrow
34:12 Gold Mining
37:35 Imperial Age
35:11 Horse Collar
35:45 Bow Saw
35:39 Stone Mining
36:29 Leather Archer Armor
36:24 Masonry
37:33 Treadmill Crane
38:25 Bracer
39:26 Chemistry
39:02 Conscription
39:15 Ring Archer Armor
Connection lost

Rejoining the realm…

Still unreachable

The connection could not be restored.

Session expired

The server has moved on; the page needs a fresh start.